 Dungeon Crawl Stone Soup version 0.29-a0-352-g0917bc69df (webtiles) character file.

Game seed: 9025674416991897030

72 spaghetti the Ducker (level 4, -11/35 HPs)
             Began as a Djinni Berserker on Apr 24, 2022.
             Was a Believer of Trog.
             Mangled by Crazy Yiuf
             ... wielding a +2 quarterstaff of chaos
              (15 damage)
             ... on level 2 of the Dungeon.
             The game lasted 00:02:31 (2559 turns).

spaghetti the Ducker (Djinni Berserker)             Turns: 2559, Time: 00:02:32

Health: -11/35     AC:  3    Str: 16    XL:     4   Next: 50%
Gold:   95         EV: 14    Int:  8    God:    Trog [**....] SH:  0 Dex: 15

rFire   + + +      SeeInvis .   a - +0 falchion {long}
rCold   x . .      Faith    .   (no shield)
rNeg    . . .      Spirit   .   b - +0 animal skin
rPois   ∞          Reflect  .   (no helmet)
rElec   .          Harm     .   l - +0 cloak
rCorr   .          Rampage  .   (no gloves)
Will    .....                   (boots unavailable)
Stlth   +.........              (no amulet)
HPRegen 0.11/turn               n - ring of protection from fire
MPRegen 0.00/turn               (no ring)

@: flying
A: sickness immunity, fire resistance 2, cold vulnerability 1, float, innate
caster, HP casting, extra vitality 1
a: Renounce Religion, Berserk, Trog's Hand


You were on level 2 of the Dungeon.
You worshipped Trog.
Trog was pleased with you.
You visited 1 branch of the dungeon, and saw 2 of its levels.

You collected 95 gold pieces.


Innate Abilities, Weirdness & Mutations

You are immune to sickness and miasma.
You are immune to poison.
Your flesh is very heat resistant. (rF++)
You are vulnerable to cold. (rC-)
You float through the air rather than walking.
You learn spells naturally, not from books.
Your magical power is your life essence.
You have superior vitality. (+4 MHP)


   Skills:
 - Level 3.0 Fighting
 - Level 2.6 Long Blades
 - Level 2.0 Armour
 + Level 4.8 Dodging


You had 2 spell levels left.
You knew the following spells:

 Your Spells              Type           Power      Damage    Failure   Level
a - Apportation           Tloc           0%         N/A       41%         1
Your spell library was empty.

Inventory:

Hand Weapons
 a - a +0 falchion (weapon) {long}
Missiles
 g - 112 stones (quivered) {throwing}
 q - 5 poisoned darts {throwing}
Armour
 b - a +0 animal skin (worn)
 l - a +0 cloak (worn)
   (You found it on level 1 of the Dungeon)
Jewellery
 n - a ring of protection from fire (left hand)
   (You found it on level 2 of the Dungeon)
 o - a ring of wizardry
   (You found it on level 2 of the Dungeon)
Scrolls
 c - a scroll of summoning {unknown}
 d - 2 scrolls of identify {unknown}
 f - a scroll of immolation {unknown}
 h - a scroll of blinking {unknown}
 i - a scroll of fog {unknown}
 m - a scroll of teleportation {unknown}
 p - a scroll of noise {unknown}
Potions
 e - a potion of attraction {unknown}
 j - a potion of berserk rage {unknown}
 k - a potion of resistance {unknown}
 r - a potion of cancellation {unknown}
 s - a potion of curing {unknown}

Dungeon Overview and Level Annotations

Branches:
Dungeon (2/15)

Altars:

Annotations:
D:2 Crazy Yiuf

#....# #...# #
♣.P..♣ ### ##.## #
♣♣.P.♣ #.# #.# #
♣♣.♣♣ #.# #.# ♣♣.♣
#.#####.# ♣.♣♣
#.......#### ♣♣.♣
#.#......... ♣.♣♣
#.#......... #@#
#.#......... #..g#
###......... #...#
#......... #)..#
#.......<. #####
#.........
#.........
##########.........
#..................
#.......†..........


You could see Crazy Yiuf.


Message History

You closely miss the adder. The adder misses you.
You closely miss the adder. The adder bites you. The adder misses you.
You are too injured to fight recklessly!
You are too injured to fight recklessly! 😕 HP[-1]
You take 1 damage, and now have 33/35 hp.
You are too injured to fight recklessly!
You are too injured to fight recklessly!
You are too injured to fight recklessly!
You are too injured to fight recklessly!
You are too injured to fight recklessly!
You are too injured to fight recklessly!
You are too injured to fight recklessly!
You are too injured to fight recklessly!
You are too injured to fight recklessly!
You are too injured to fight recklessly!
You are too injured to fight recklessly!
You are too injured to fight recklessly!
You are too injured to fight recklessly!
You are too injured to fight recklessly!
You miss the adder. The adder barely misses you.
You miss the adder. The adder bites you but does no damage.
The adder bites you. 😕 HP[-1]
You take 1 damage, and now have 32/35 hp.
You hit the adder. The adder closely misses you.
You hit the adder. The adder bites you but does no damage.
The adder misses you.
You miss the adder. The adder closely misses you.
You hit the adder but do no damage. The adder bites you.
The adder bites you but does no damage.
You hit the adder.
You kill the adder!
Trog accepts your kill.
You see here an adder corpse.
s - a white potion 😎 HP[+3]
Your hp is fully restored (35).
You see here an adder corpse.
An endoplasm comes into view.
An endoplasm is nearby!
The endoplasm quivers.
You slash the endoplasm!
You kill the endoplasm!
Trog accepts your kill.
No target in view!
No target in view!
No target in view!
No target in view!
No target in view!
No target in view!
No target in view!
No target in view!
No target in view!
No target in view!
No target in view!
No target in view!
No target in view!
No target in view!
Key pressed, stopping explore.
Crazy Yiuf shouts!
Crazy Yiuf screams, "Rot rumpyflump sizzlefizz!"
Crazy Yiuf whimpers, "Lay!
Island pizzabubble unthinkable."
Key pressed, stopping explore.
There is an escape hatch in the floor here.
There is an open door here.
There is a stone staircase leading up here.
There is an open door here.
There is an open door here.
You reach down and open the door.
Crazy Yiuf shouts!
Crazy Yiuf hits you with a +2 quarterstaff of chaos!
There is an open translucent door here. 😕 HP[-7]
You take 7 damage, and now have 28/35 hp.
You hit Crazy Yiuf.
Crazy Yiuf says, "Scoff!"
Crazy Yiuf closely misses you.
You slash Crazy Yiuf!
Crazy Yiuf says, "Gnoll!"
Crazy Yiuf hits you but does no damage.
You hit Crazy Yiuf but do no damage.
Crazy Yiuf says, "Mama!
Shower song hand."
Crazy Yiuf closely misses you.
Crazy Yiuf hits you with a +2 quarterstaff of chaos!!
Ouch! That really hurt!
* * * LOW HITPOINT WARNING * * *
Crazy Yiuf burns you.
* * * LOW HITPOINT WARNING * * *
😱 HP[-20]
You take 20 damage, and now have 8/35 hp.
MASSIVE DAMAGE!! (PAUSE)
You hit Crazy Yiuf but do no damage.
Crazy Yiuf grits, "Cod!"
Crazy Yiuf closely misses you.
You hit Crazy Yiuf but do no damage.
Crazy Yiuf hits you with a +2 quarterstaff of chaos.
* * * LOW HITPOINT WARNING * * *
Space warps horribly around you!
You die...

Skill      XL: |  1  2  3 |
---------------+----------+-----
Dodging        | 3 4 |  4.8
Fighting       | |  3.0
Long Blades    | |  2.6
Armour         | |  2.0

Action                   |  1- 3 |  4- 6 || total
-------------------------+-------+-------++-------
Melee: Falchion          |    84 |    30 ||   114
       Punch             |     1 |       ||     1
 Stab: Sleeping          |     1 |     1 ||     2
Armor: Animal skin       |    21 |    10 ||    31
Dodge: Dodged            |    55 |    16 ||    71

Levels and vault maps discovered:
D:1:      matt_arrival_spirals, layout_loops_corners
D:2:      minmay_spotlight, layout_basic,
          dreamdust_ecumenical_altar_angels_and_demons,
          minmay_indecisive_spiral, uniq_crazy_yiuf_cottage

Notes
Turn   | Place    | Note
-------+----------+-------------------------------------------
     0 | D:1      | spaghetti the Djinni Berserker began the quest for the Orb.
     0 | D:1      | Reached XP level 1. HP: 20/20 MP: 0/0
     0 | D:1      | magus.rc [v1.9.6]
   595 | D:1      | Reached XP level 2. HP: 24/25 MP: 0/0
   612 | D:1      | Reached skill level 3 in Dodging
  1331 | D:2      | Found a faded altar of an unknown god.
  1373 | D:2      | Reached XP level 3. HP: 30/30 MP: 0/0
  1373 | D:2      | Learned a level 1 spell: Apportation
  1474 | D:2      | Reached skill level 4 in Dodging
  1785 | D:2      | Reached ** piety under Trog
  1786 | D:2      | Reached XP level 4. HP: 12/35 MP: 0/0
  2375 | D:2      | Found a runed translucent door.
  2376 | D:2      | Noticed Crazy Yiuf
  2557 | D:2      | HP: 8/35 [Crazy Yiuf/+2 quarterstaff of chaos (1)]
  2559 | D:2      | Mangled by Crazy Yiuf

Vanquished Creatures
  3 adders (D:2)
  A worm (D:2)
  5 bats
  4 endoplasms
  3 giant cockroaches (D:2)
  6 goblins
  2 hobgoblins (D:1)
  6 kobolds
  A ball python (D:2)
  8 frilled lizards (D:2)
  2 rats
41 creatures vanquished.

Table legend:
 A = Non-vault XP
 B = Vault XP
 C = Vault XP percentage of total XP
 D = Non-vault monster count
 E = Vault monster count
 F = Vault count percentage of total count
                 A         B        C        D         E       F
            +---------+---------+-------+---------+---------+-------
      Total |      87 |      17 |  16.3 |      32 |       9 |  22.0
            +---------+---------+-------+---------+---------+-------
        D:1 |      17 |       0 |   0.0 |      10 |       0 |   0.0
        D:2 |      70 |      17 |  19.5 |      22 |       9 |  29.0
            +---------+---------+-------+---------+---------+-------

Illustrated notes

Table legend:
 A = Kills in this place as a percentage of kills in entire the game.
 B = Kills by you in this place as a percentage of kills by you in the entire game.
 C = Kills by friends in this place as a percentage of kills by friends in the entire game.
 D = Other kills in this place as a percentage of other kills in the entire game.
 E = Experience gained in this place as a percentage of experience gained in the entire game.
 F = Experience gained in this place divided by the number of levels of this place that you have seen.
                   A       B       C       D       E      F
               +-------+-------+-------+-------+-------+----------------------
         Total | 100.0 | 100.0 |   N/A |   N/A | 100.0 |  52.0
       Dungeon | 100.0 | 100.0 |   N/A |   N/A | 100.0 |  52.0
               +-------+-------+-------+-------+-------+----------------------

Table legend: (Time is in decaauts)
 A = Elapsed time spent in this place.
 B = Non-inter-level travel time spent in this place.
 C = Inter-level travel time spent in this place.
 D = Time resting spent in this place.
 E = Time spent auto-exploring this place.
 F = Levels seen in this place.
 G = Mean time per level.
                   A        B        C        D        E       F      G
               +--------+--------+--------+--------+--------+-----+--------+
         Total |   2578 |   2444 |    134 |    278 |   1875 |   2 | 1289.0 |
       Dungeon |   2578 |   2444 |    134 |    278 |   1875 |   2 | 1289.0 |
               +--------+--------+--------+--------+--------+-----+--------+

Top non-repeatable levels by time:
     D:1: 1382 daAuts
     D:2: 1195 daAuts
